 Dungeon Crawl Stone Soup version 0.23.0 (webtiles) character file.

Game seed: 751711279812067171

730 tidbits the Charmwright (level 7, 1/56 HPs)
             Began as a Gnoll Skald on Feb 14, 2019.
             Was an Initiate of Cheibriados.
             Quit the game on level 5 of the Dungeon.
             The game lasted 00:10:19 (1070 turns).

tidbits the Charmwright (Gnoll Skald)               Turns: 1070, Time: 00:10:19

Health: 1/56       AC:  6    Str: 15    XL:     7   Next: 73%
Magic:  3/15       EV: 20    Int: 23    God:    Cheibriados [......]
Gold:   132        SH:  0    Dex: 20    Spells: 6/17 levels left

rFire    . . .     SeeInvis .   a - +0 spear
rCold    . . .     Gourm    .   (no shield)
rNeg     . . .     Faith    .   b - +0 leather armour
rPois    .         Spirit   .   (no helmet)
rElec    .         Reflect  .   (no cloak)
rCorr    .         Harm     .   G - +0 pair of gloves (curse)
MR       +....                  F - +1 pair of boots
Stlth    +++.......             (no amulet)
HPRegen  0.18/turn              H - ring of protection from magic
MPRegen  0.14/turn              (no ring)

@: brilliant, agile, singing, very slow
A: distributed training, fangs 1, strong nose
a: Bend Time, Renounce Religion


You were on level 5 of the Dungeon.
You worshipped Cheibriados.
Cheibriados was noncommittal.
You were full.

You visited 1 branch of the dungeon, and saw 5 of its levels.

You collected 132 gold pieces.

Inventory:

Hand Weapons
 a - a +0 spear (weapon)
 c - a +0 blowgun
Missiles
 m - 8 sling bullets
 p - 8 curare-tipped needles
Armour
 b - a +0 leather armour (worn)
 h - a +0 ring mail
 k - a +0 pair of gloves
 F - a +1 pair of boots (worn)
 G - a cursed +0 pair of gloves (worn)
Jewellery
 H - a ring of protection from magic (left hand)
   (You found it on level 4 of the Dungeon)
Wands
 f - a wand of flame (8)
 l - a wand of random effects (8)
 u - a wand of polymorph (10)
Scrolls
 g - 4 scrolls of remove curse {unknown}
 i - 2 scrolls of identify
 j - a scroll of amnesia
 q - a scroll of fear
 v - a scroll of magic mapping {unknown}
 w - a scroll of random uselessness {unknown}
 x - a scroll of teleportation {unknown}
 y - 2 scrolls of noise {unknown}
Potions
 n - a potion of lignification
 o - a potion of brilliance
 s - a potion of invisibility {unknown}
 t - a potion of might {unknown}
Comestibles
 d - 7 rations


   Skills:
 + Level 5.3 Fighting
 + Level 2.6 Short Blades
 + Level 2.6 Long Blades
 + Level 2.6 Axes
 + Level 2.6 Maces & Flails
 + Level 5.3 Polearms
 + Level 2.6 Staves
 + Level 2.6 Slings
 + Level 2.6 Bows
 + Level 2.6 Crossbows
 + Level 2.6 Throwing
 + Level 3.7 Armour
 + Level 5.3 Dodging
 + Level 2.6 Stealth
 + Level 2.6 Shields
 + Level 2.6 Unarmed Combat
 + Level 5.7 Spellcasting
 + Level 2.1 Conjurations
 + Level 2.1 Hexes
 + Level 5.9 Charms
 + Level 2.1 Summonings
 + Level 2.1 Necromancy
 + Level 2.1 Translocations
 + Level 2.1 Transmutations
 + Level 2.1 Fire Magic
 + Level 2.1 Ice Magic
 + Level 2.1 Air Magic
 + Level 2.1 Earth Magic
 + Level 2.1 Poison Magic
 + Level 2.9 Invocations
 + Level 2.6 Evocations


You had 6 spell levels left.
You knew the following spells:

 Your Spells              Type           Power        Failure   Level  Hunger
g - Shroud of Golubria    Chrm/Tloc      #####.....   1%          2    None
i - Infusion              Chrm           ####         1%          1    None
r - Regeneration          Chrm/Necr      #####.....   1%          3    #......
w - Spectral Weapon       Hex/Chrm       #####...     1%          3    #......
y - Song of Slaying       Chrm           #####...     1%          2    None

Your spell library contained the following spells:

 Spells                   Type           Power        Failure   Level  Hunger


Dungeon Overview and Level Annotations

Branches:
Dungeon (5/15)
 Temple: D:4-7

Altars:
Ashenzari
Cheibriados
Xom


Innate Abilities, Weirdness & Mutations

Your experience applies equally to all skills.
You have very sharp teeth.
Your uncanny sense of smell can sniff out nearby items.


Message History

The hound bites you.
The sky beast flickers out of sight!
Something closely misses your spectral weapon.
The crimson imp misses your spectral weapon.
You hit the hound but do no damage.
The hound is severely wounded.
Your spectral weapon hits the hound.
The hound barely misses your spectral weapon.
Something hits your spectral weapon.
Your spectral weapon shares its damage with you!
Something shocks your spectral weapon.
Your spectral weapon resists.
Your spectral weapon shares its damage with you!
You strike the helpless hound from behind!
You hit the hound.
You kill the hound!
Cheibriados thoroughly appreciates the change of pace.
The crimson imp hits your spectral weapon.
Your spectral weapon shares its damage with you!
You swap places.
Something hits you but does no damage.
The crimson imp hits you but does no damage.
Something hits you but does no damage. The crimson imp closely misses you.
Things that are here:
2 stones; a wand of paralysis (10) Unknown command.
You hit the crimson imp.
The crimson imp is moderately wounded.
Your spectral weapon misses the crimson imp.
Something hits you. Something shocks you.
You closely miss the crimson imp.
The crimson imp is moderately wounded.
Your spectral weapon hits the crimson imp but does no damage.
The crimson imp blinks!
Unknown command.
You hit something but do no damage.
A sky beast appears from thin air!
The sky beast hits you. The sky beast shocks you.
The crimson imp throws a stone.
The stone hits you but does no damage.
You miss the sky beast. You punch the sky beast.
Your bite misses the sky beast.
The sky beast is lightly wounded.
Your spectral weapon closely misses the sky beast.
The sky beast hits you.
* * * LOW HITPOINT WARNING * * *
The sky beast shocks you.
* * * LOW HITPOINT WARNING * * *
The crimson imp throws a stone.
The stone barely misses you.
Casting: Song of Slaying (safe; 1% risk of failure)
Confirm with . or Enter, or press ? or * to list all spells.
Space distorts slightly along a thin shroud covering your body.
The sky beast closely misses you.
The crimson imp throws a stone.
The stone barely misses you.
Unknown command.
You hit the sky beast but do no damage.
The sky beast is lightly wounded.
Your spectral weapon barely misses the sky beast.
The sky beast hits you.
* * * LOW HITPOINT WARNING * * *
The sky beast shocks you.
* * * LOW HITPOINT WARNING * * *
The crimson imp throws a stone.
The stone hits you but does no damage.
It was a potion of brilliance.
You feel clever all of a sudden. The sky beast hits you.
* * * LOW HITPOINT WARNING * * *
The sky beast shocks you.
* * * LOW HITPOINT WARNING * * *
The crimson imp blinks!
Unknown command.
It was a potion of curing.
You feel better.
The sky beast flickers out of sight!
Something hits you but does no damage. The crimson imp misses you.
You completely miss something. Something hits you but does no damage.
Unknown command.
It was a potion of agility.
You feel agile all of a sudden.
Your spectral weapon fades away.
The crimson imp blinks!
Something hits you.
* * * LOW HITPOINT WARNING * * *
Something shocks you.
* * * LOW HITPOINT WARNING * * *
Your shroud falls apart!
Unknown command.
As you read the scroll labeled XATANNAJEWK, it crumbles to dust.
It is a scroll of amnesia.
Forget Infusion, freeing 1 spell level for a total of 7? [Y]es or [N]o only, please.
Forget Infusion, freeing 1 spell level for a total of 7?
Okay, then.
The crimson imp throws a stone.
The stone completely misses you. Something hits you.
* * * LOW HITPOINT WARNING * * *
Something shocks you.
* * * LOW HITPOINT WARNING * * *
Unknown command.
Unknown command.
Unknown command.
Unknown command.
Unknown command.
Are you sure you want to abandon this character and quit the game? (Confirm with "yes".)

........... ............. ..#....
....... ..........##...
................ ................
................ ................
................ ......##.......#
.......#.... ...
#.....##.......##......##....##..
##.<.###.....(..{§....##......##.
......#.........@.....##.........
.#...##.............5..........5#
##......................#.###...#
.##..........(.......... #.<...
†.............##........ ##..##
...............#....8.). ##.#
#...##....(.....#....... ###
........................
.........###...........


You could see a crimson imp.

Vanquished Creatures
  An ice beast (D:5)
  2 ogres (D:5)
  Blork the orc (D:5)
  A scorpion (D:5)
  A howler monkey (D:4)
  3 hounds
  2 iguanas
  4 worker ants
  3 adders
  A shadow imp (D:5)
  4 worms
  3 dart slugs
  3 leopard geckos
  A bat (D:2)
  4 giant cockroaches
  2 goblins (D:2)
  4 hobgoblins
  2 quokkas
  A ball python (D:2)
  3 frilled lizards
  2 giant cockroach zombies (D:1)
  4 kobolds
  A rat (D:3)
53 creatures vanquished.

Notes
Turn   | Place    | Note
-------+----------+-------------------------------------------
     0 | D:1      | tidbits the Gnoll Skald began the quest for the Orb.
     0 | D:1      | Reached XP level 1. HP: 20/20 MP: 6/6
   116 | D:2      | Reached XP level 2. HP: 26/26 MP: 2/7
   120 | D:2      | Learned a level 2 spell: Song of Slaying
   123 | D:2      | Learned a level 2 spell: Shroud of Golubria
   248 | D:2      | Reached XP level 3. HP: 31/31 MP: 0/9
   256 | D:2      | Reached skill level 5 in Spellcasting
   261 | D:2      | Learned a level 3 spell: Regeneration
   265 | D:2      | Learned a level 3 spell: Spectral Weapon
   466 | D:2      | Reached skill level 1 in Invocations
   471 | D:2      | Found a shattered altar of Ashenzari.
   499 | D:2      | Reached skill level 1 in Short Blades
   499 | D:2      | Reached skill level 1 in Long Blades
   499 | D:2      | Reached skill level 1 in Axes
   499 | D:2      | Reached skill level 1 in Maces & Flails
   499 | D:2      | Reached skill level 1 in Staves
   499 | D:2      | Reached skill level 1 in Slings
   499 | D:2      | Reached skill level 1 in Bows
   499 | D:2      | Reached skill level 1 in Crossbows
   499 | D:2      | Reached skill level 1 in Throwing
   499 | D:2      | Reached skill level 1 in Stealth
   499 | D:2      | Reached skill level 1 in Shields
   499 | D:2      | Reached skill level 1 in Unarmed Combat
   499 | D:2      | Reached skill level 1 in Evocations
   604 | D:4      | Reached XP level 4. HP: 38/38 MP: 4/11
   633 | D:5      | Entered Level 5 of the Dungeon
   633 | D:5      | Noticed Blork the orc
   650 | D:4      | Reached skill level 1 in Conjurations
   650 | D:4      | Reached skill level 1 in Hexes
   650 | D:4      | Reached skill level 1 in Summonings
   650 | D:4      | Reached skill level 1 in Necromancy
   650 | D:4      | Reached skill level 1 in Translocations
   650 | D:4      | Reached skill level 1 in Transmutations
   650 | D:4      | Reached skill level 1 in Fire Magic
   650 | D:4      | Reached skill level 1 in Ice Magic
   650 | D:4      | Reached skill level 1 in Air Magic
   650 | D:4      | Reached skill level 1 in Earth Magic
   650 | D:4      | Reached skill level 1 in Poison Magic
   650 | D:4      | Reached XP level 5. HP: 42/43 MP: 7/12
   654 | D:4      | Found a shimmering altar of Xom.
   687 | D:4      | Reached skill level 3 in Armour
   786 | D:4      | Reached skill level 2 in Invocations
   786 | D:4      | Reached XP level 6. HP: 22/50 MP: 10/13
   880 | D:5      | Found a snail-covered altar of Cheibriados.
   897 | D:5      | Reached skill level 5 in Fighting
   897 | D:5      | Reached skill level 2 in Short Blades
   897 | D:5      | Reached skill level 2 in Long Blades
   897 | D:5      | Reached skill level 2 in Axes
   897 | D:5      | Reached skill level 2 in Maces & Flails
   897 | D:5      | Reached skill level 5 in Polearms
   897 | D:5      | Reached skill level 2 in Staves
   897 | D:5      | Reached skill level 2 in Slings
   897 | D:5      | Reached skill level 2 in Bows
   897 | D:5      | Reached skill level 2 in Crossbows
   897 | D:5      | Reached skill level 2 in Throwing
   897 | D:5      | Reached skill level 5 in Dodging
   897 | D:5      | Reached skill level 2 in Stealth
   897 | D:5      | Reached skill level 2 in Shields
   897 | D:5      | Reached skill level 2 in Unarmed Combat
   897 | D:5      | Reached skill level 2 in Evocations
   906 | D:5      | Became a worshipper of Cheibriados the Contemplative
   918 | D:5      | Noticed an ice beast
   937 | D:5      | Killed an ice beast
   937 | D:5      | Reached XP level 7. HP: 43/56 MP: 8/15
   953 | D:5      | Killed Blork the orc
   975 | D:5      | Reached skill level 2 in Conjurations
   975 | D:5      | Reached skill level 2 in Hexes
   975 | D:5      | Reached skill level 2 in Summonings
   975 | D:5      | Reached skill level 2 in Necromancy
   975 | D:5      | Reached skill level 2 in Translocations
   975 | D:5      | Reached skill level 2 in Transmutations
   975 | D:5      | Reached skill level 2 in Fire Magic
   975 | D:5      | Reached skill level 2 in Ice Magic
   975 | D:5      | Reached skill level 2 in Air Magic
   975 | D:5      | Reached skill level 2 in Earth Magic
   975 | D:5      | Reached skill level 2 in Poison Magic
  1065 | D:5      | HP: 9/56 [sky beast (6)]
  1069 | D:5      | HP: 1/56 [something (6)]
  1070 | D:5      | Quit the game

Skill      XL: |  1  2  3  4  5  6  7 |
---------------+----------------------+-----
Spellcasting   | 5 |  5.7
Invocations    | 1 2 |  2.9
Short Blades   | 1 2 |  2.6
Long Blades    | 1 2 |  2.6
Axes           | 1 2 |  2.6
Maces & Flails | 1 2 |  2.6
Staves         | 1 2 |  2.6
Slings         | 1 2 |  2.6
Bows           | 1 2 |  2.6
Crossbows      | 1 2 |  2.6
Throwing       | 1 2 |  2.6
Stealth        | 1 2 |  2.6
Shields        | 1 2 |  2.6
Unarmed Combat | 1 2 |  2.6
Evocations     | 1 2 |  2.6
Conjurations   | 1 2 |  2.1
Hexes          | 1 2 |  2.1
Summonings     | 1 2 |  2.1
Necromancy     | 1 2 |  2.1
Translocations | 1 2 |  2.1
Transmutations | 1 2 |  2.1
Fire Magic     | 1 2 |  2.1
Ice Magic      | 1 2 |  2.1
Air Magic      | 1 2 |  2.1
Earth Magic    | 1 2 |  2.1
Poison Magic   | 1 2 |  2.1
Armour         | 3 |  3.7
Fighting       | 5 |  5.3
Polearms       | 5 |  5.3
Dodging        | 5 |  5.3
Charms         | |  5.9

Action                   |  1- 3 |  4- 6 |  7- 9 || total
-------------------------+-------+-------+-------++-------
Melee: Spear             |   102 |    88 |    36 ||   226
       Bite              |     7 |    12 |     2 ||    21
       Punch             |       |       |     2 ||     2
 Fire: Blowgun           |       |       |     2 ||     2
 Cast: Infusion          |     5 |       |       ||     5
       Song of Slaying   |     1 |       |     1 ||     2
       Spectral Weapon   |     7 |     7 |     4 ||    18
       Shroud of Golubri |     1 |     4 |     1 ||     6
       Regeneration      |       |     2 |     3 ||     5
  Use: Scroll            |       |     1 |     1 ||     2
       Potion            |       |       |     4 ||     4
 Stab: Distracted        |     1 |       |     2 ||     3
       Sleeping          |     1 |       |       ||     1
  Eat: Ration            |       |     2 |       ||     2
Armor: Leather armour    |    15 |    19 |     9 ||    43
       Skin              |       |       |     3 ||     3
Dodge: Dodged            |    57 |    51 |    17 ||   125

Table legend:
 A = Turns spent in this place as a percentage of turns spent in the entire game.
 B = Non-inter-level travel turns spent in this place as a percentage of non-inter-level travel turns spent in the entire game.
 C = Inter-level travel turns spent in this place as a percentage of turns spent in this place.
 D = Turns resting spent in this place as a percentage of non-inter-level travel turns spent in this place.
 E = Turns spent auto-exploring this place as a percentage of non-inter-level travel turns spent in this place.
 F = Non-inter-level travel turns spent in this place divided by the number of levels of this place that you've seen.
                   A       B       C       D       E      F
               +-------+-------+-------+-------+-------+----------------------
         Total | 100.0 | 100.0 |   0.0 |   0.0 |   0.0 | 214.0
       Dungeon | 100.0 | 100.0 |   0.0 |   0.0 |   0.0 | 214.0
               +-------+-------+-------+-------+-------+----------------------

Table legend:
 A = Kills in this place as a percentage of kills in entire the game.
 B = Kills by you in this place as a percentage of kills by you in the entire game.
 C = Kills by friends in this place as a percentage of kills by friends in the entire game.
 D = Other kills in this place as a percentage of other kills in the entire game.
 E = Experience gained in this place as a percentage of experience gained in the entire game.
 F = Experience gained in this place divided by the number of levels of this place that you have seen.
                   A       B       C       D       E      F
               +-------+-------+-------+-------+-------+----------------------
         Total | 100.0 | 100.0 |   N/A |   N/A | 100.0 | 208.8
       Dungeon | 100.0 | 100.0 |   N/A |   N/A | 100.0 | 208.8
               +-------+-------+-------+-------+-------+----------------------

Levels and vault maps discovered:
D:1:      saegor_arrival_fortress, layout_rooms, serial_corexii_hall,
          chequers_hall_statues_wall_a, chequers_hall_statues_y,
          chequers_hall_statues_wall_a, minmay_tromino_i4
D:2:      layout_basic, ashenzari_conservatory_becter
D:3:      layout_rooms, nicolae_overflow_crystal_walls
D:4:      layout_cave_pools, xom_teletrap_fun
D:5:      layout_cave_pools, lemuel_doored_altar, serial_column_ruins,
          column_ruins_open_small, column_ruins_grid_1, column_ruins_grid_3,
          column_ruins_open_medium, column_ruins_grid_1, first_ration,
          minmay_misc_feat_chi, uniq_blork_the_orc
